 Dungeon Crawl Stone Soup version 0.27.0-1-g7a089689b8 (webtiles) character file.

Game seed: 9262057327591845719

209 Delamore the Sneak (level 5, -7/36 HPs)
             Began as an Octopode Brigand on Aug 7, 2021.
             Mangled by an ice beast (14 damage)
             ... on level 3 of the Dungeon.
             The game lasted 00:01:41 (2237 turns).

Delamore the Sneak (Octopode Brigand)               Turns: 2237, Time: 00:01:42

Health: -7/36      AC:  1    Str: 10    XL:     5   Next: 87%
Magic:  5/5        EV: 13    Int: 14    God:
Gold:   81         SH:  0    Dex: 14    Spells: 4/4 levels left

rFire    . . .     SeeInvis .   a - +2 dagger
rCold    . . .     Faith    .   (no shield)
rNeg     . . .     Spirit   .   (helmet restricted)
rPois    .         Reflect  .   (no amulet)
rElec    .         Harm     .   (no ring)
rCorr    .         Rampage  .   (no ring)
Will     .....                  (no ring)
Stlth    ++++......             (no ring)
HPRegen  0.12/turn              (no ring)
MPRegen  0.09/turn              (no ring)
                                (no ring)
                                (no ring)

@: no status effects
A: almost no armour, amphibious, 8 rings, camouflage 1, gelatinous body 1,
(nimble swimmer 1), tentacles
a: no special abilities


You were on level 3 of the Dungeon.
You visited 1 branch of the dungeon, and saw 3 of its levels.

You collected 81 gold pieces.

Inventory:

Hand Weapons
 a - a +2 dagger (weapon)
Missiles
 b - 8 poisoned darts (quivered)
 c - 2 curare-tipped darts
 d - 13 boomerangs
Scrolls
 e - 3 scrolls of blinking
 g - a scroll of fear
Potions
 f - a potion of heal wounds {unknown}
 h - a potion of curing


   Skills:
 + Level 3.3 Fighting
 * Level 4.3 Short Blades
 - Level 2.0 Throwing
 + Level 2.8 Dodging
 - Level 5.3 Stealth


You had 4 spell levels left.
You didn't know any spells.
Your spell library contained the following spells:

 Spells                   Type           Power      Damage    Failure   Level
 Ozocubu's Armour         Ice            0%         N/A       65%         3
 Metabolic Englaciation   Hex/Ice        0%         N/A       100%        5
 Simulacrum               Ice/Necr       0%         N/A       100%        6


Dungeon Overview and Level Annotations

Branches:
Dungeon (3/15)

Altars:
Dithmenos


Innate Abilities, Weirdness & Mutations

You cannot wear most types of armour.
You are amphibious.
You can wear up to eight rings at the same time.
Your skin changes colour to match your surroundings (Stealth+).
Your rubbery body absorbs attacks. (AC +1, EV +1)
((You are camouflaged near water. (Stealth+)))
You have tentacles for arms and can constrict up to eight enemies at once.


Message History

g - a scroll of fear
Found a stone staircase leading up.
h - a potion of curing No target in view!
An ice beast comes into view.
An ice beast is nearby!
An ice beast is nearby!
Found a knobbly bone ring.
A bat comes into view.
You see here a scroll of teleportation.
The bat barely misses you. The bat completely misses you. The bat hits you.
The ice beast closely misses you.
Found 18 gold pieces.
You hit the ice beast.
The ice beast is lightly wounded.
The bat hits you but does no damage. The ice beast hits you.
The ice beast freezes you!
You hit the ice beast.
The ice beast is moderately wounded.
The bat barely misses you. The ice beast hits you. The ice beast freezes you!
You are too injured to fight recklessly!
You are too injured to fight recklessly!
You are too injured to fight recklessly!
You are too injured to fight recklessly!
You are too injured to fight recklessly!
You are too injured to fight recklessly!
You are too injured to fight recklessly!
You are too injured to fight recklessly!
You are too injured to fight recklessly!
You are too injured to fight recklessly!
You are too injured to fight recklessly!
You barely miss the ice beast.
The ice beast is moderately wounded.
The bat hits you.
* * * LOW HITPOINT WARNING * * *
The ice beast hits you.
* * * LOW HITPOINT WARNING * * *
The ice beast freezes you!
You die...

#. ######### ##..
#........ ....##
####.....# ......
#.......#
......######..#....#
.........?....#....#
$........##...#....#
......Y@.##...#....#
......b..##...#....#..#
.....=...##............
.......<.......####.#.#
.#.###.####...#........
#. .. #............# .
### ##...########.
##........# ..
#........#


You could see an ice beast and a bat.

Vanquished Creatures
  Sigmund (D:2)
  An adder (D:2)
  A dart slug (D:2)
  6 ball pythons
  5 endoplasms
  4 giant cockroaches
  4 goblins
  2 hobgoblins (D:1)
  7 jackals (D:1)
  A quokka (D:1)
  3 bats (D:1)
  4 frilled lizards
  4 kobolds
  A rat (D:1)
44 creatures vanquished.

Notes
Turn   | Place    | Note
-------+----------+-------------------------------------------
     0 | D:1      | Delamore the Octopode Brigand began the quest for the Orb.
     0 | D:1      | Reached XP level 1. HP: 14/14 MP: 1/1
   175 | D:1      | Reached XP level 2. HP: 8/19 MP: 2/2
   632 | D:1      | Reached XP level 3. HP: 23/25 MP: 3/3
  1079 | D:2      | Found a shadowy altar of Dithmenos.
  1308 | D:2      | Noticed Sigmund
  1341 | D:2      | Killed Sigmund
  1342 | D:2      | Reached XP level 4. HP: 5/31 MP: 4/4
  1342 | D:2      | Reached XP level 5. HP: 6/36 MP: 5/5
  2227 | D:3      | Noticed an ice beast
  2237 | D:3      | Mangled by an ice beast

Illustrated notes

Levels and vault maps discovered:
D:1:      dpeg_arrival_court, layout_basic, nrook_loot_triangle,
          minmay_tetromino_i4
D:2:      layout_basic, basic_altar, uniq_sigmund
D:3:      layout_rooms, serial_shops, shop,
          hellmonk_ecumenical_altar_prayer_group, amethyst_killhole,
          hangedman_decor_growths, minmay_statues_item, hex_large,
          uniq_crazy_yiuf_cottage

Skill      XL: |  1  2  3 |
---------------+----------+-----
Short Blades   | 4 |  4.3
Fighting       | 3 |  3.3
Dodging        | 2 |  2.8
Throwing       | |  2.0
Stealth        | |  5.3

Action                   |  1- 3 |  4- 6 || total
-------------------------+-------+-------++-------
Melee: Dagger            |    81 |    13 ||    94
       Constrict         |    12 |     1 ||    13
       Tentacles         |    11 |     2 ||    13
  Use: Potion            |     2 |       ||     2
       Scroll            |     3 |     4 ||     7
 Stab: Sleeping          |    14 |     3 ||    17
Armor: Skin              |    18 |     2 ||    20
Dodge: Dodged            |    44 |     7 ||    51
